 Dungeon Crawl Stone Soup version 0.31-a0-230-g09eb5fc4d3 (webtiles) character file.

Game seed: 5257203100499542912

53 qw the Shooter (level 3, 0/21 HPs)
             Began as a Gargoyle Hexslinger on July 6, 2023.
             Frozen to death by an endoplasm (5 damage)
             ... on level 2 of the Dungeon.
             The game lasted 00:00:29 (946 turns).

qw the Shooter (Gargoyle Hexslinger)                 Turns: 946, Time: 00:00:29

Health: 0/21       AC:  8    Str: 11    XL:     3   Next: 87%
Magic:  4/4        EV: 10    Int: 13    God:
Gold:   93         SH:  0    Dex: 14    Spells: 3/4 levels left

rFire   . . .        Y - +2 sling
rCold   . . .        (no shield)
rNeg    + . .        h - +0 ring mail
rPois   inf          (no helmet)
rElec   +            (no cloak)
rCorr   +            (no gloves)
SInv    .            (no boots)
Will    .....        (no amulet)
Stlth   +            i - ring of resist corrosion
HPRegen 0.23/turn    (no ring)
MPRegen 0.09/turn

%: no passive effects
@: no status effects
A: sickness immunity, AC +3, negative energy resistance 1, electricity
resistance, torment resistance 1, petrification resistance
a: no special abilities


You were on level 2 of the Dungeon.
You visited 1 branch of the dungeon, and saw 2 of its levels.

You collected 93 gold pieces.


Innate Abilities, Weirdness & Mutations

You are immune to sickness and miasma.
Your stone body is resilient. (AC +3)
You are immune to poison.
You resist negative energy. (rN+)
You are resistant to electric shocks. (rElec)
You are resistant to unholy torment.
You are immune to petrification.


   Skills:
 - Level 2.0 Fighting
 + Level 3.7 Ranged Weapons
 - Level 1.5 Dodging
 - Level 1.0 Spellcasting
 - Level 2.6 Hexes


You had 3 spell levels left.
You knew the following spells:

 Your Spells              Type           Power      Damage    Failure   Level
a - Slow                  Hex            28%        N/A       22%         1

Your spell library contained the following spells:

 Spells                   Type           Power      Damage    Failure   Level
 Inner Flame              Hex/Fire       4%         N/A       75%         3
 Portal Projectile        Hex/Tloc       8%         N/A       75%         3
 Cause Fear               Hex            3%         N/A       92%         4

Inventory:

Hand Weapons
 Y - a +2 sling (weapon)
Armour
 h - a +0 ring mail (worn)
Jewellery
 i - a ring of resist corrosion (left hand)
Scrolls
 a - a scroll of identify
Potions
 f - a potion of magic {unknown}
 g - a potion of brilliance {unknown}

Dungeon Overview and Level Annotations

Branches:
Dungeon (2/15)

Altars:


Message History

You kill the worm!
You see here a worm corpse.
A worm comes into view.
You shoot a sling bullet.
The sling bullet barely misses the worm.
You shoot a sling bullet. The sling bullet hits the worm!
The worm is heavily wounded.
You shoot a sling bullet. The sling bullet hits the worm.
The worm is heavily wounded.
You shoot a sling bullet.
The sling bullet barely misses the worm.
You hear a shout!
A kobold comes into view. It is wielding a +0 whip.
You shoot a sling bullet. The sling bullet hits the worm.
The worm is severely wounded.
You shoot a sling bullet. The sling bullet hits the worm.
The worm is almost dead.
An endoplasm comes into view.
The worm closely misses you.
You shoot a sling bullet.
The sling bullet hits the worm but does no damage.
The worm is almost dead.
The kobold hits you with a +0 whip. The worm closely misses you.
You shoot a sling bullet.
The sling bullet hits the worm but does no damage.
The worm is almost dead.
The kobold hits you but does no damage. The worm bites you!
The kobold hits you with a +0 whip.
You shoot a sling bullet. The sling bullet hits the worm.
You kill the worm!
The kobold hits you with a +0 whip.
You shoot a sling bullet. The sling bullet hits the kobold.
The kobold is severely wounded.
The kobold barely misses you.
You shoot a sling bullet.
The sling bullet barely misses the kobold.
The kobold barely misses you. The kobold hits you with a +0 whip.
The endoplasm freezes you.
You are frozen.
You die...

#........#%#
#......#
##........#.#
####...#
......)...#.#####
#...#
.......%..%..[..#
#####
..........#.....#
....>..........#
.......%###....#
.####.#.# .#..#
#...@J# .....#
#.#K........#...
#.....##.##.. ...
...###(# ..# #.#
$.. ... # #.#
.#.# ..# #.. ...


You could see an endoplasm and a kobold.

Vanquished Creatures
  2 worms (D:2)
  3 dart slugs (D:1)
  3 endoplasms
  3 giant cockroaches
  A goblin (D:1)
  A hobgoblin (D:1)
  4 jackals (D:2)
  A kobold (D:1)
  5 quokkas
  5 ball pythons
  3 bats (D:1)
  2 frilled lizards (D:1)
  5 rats
38 creatures vanquished.

Notes
Turn   | Place    | Note
-------+----------+-------------------------------------------
     0 | D:1      | qw the Gargoyle Hexslinger began the quest for the Orb.
     0 | D:1      | Reached XP level 1. HP: 12/12 MP: 2/2
     0 | D:1      | 0 ||| qw: Version: 0.3-a-46-gb1f654a
     0 | D:1      | 0 ||| qw: Game counter: 1726
     0 | D:1      | 0 ||| qw: Melee chars always use a shield: true
     0 | D:1      | 0 ||| qw: God list: Okawaru
     0 | D:1      | 0 ||| qw: Allow faded altars: false
     0 | D:1      | 0 ||| qw: Do Orc after clearing Dungeon:15 true
     0 | D:1      | 0 ||| qw: Do second Lair branch before Depths: true
     0 | D:1      | 0 ||| qw: Lair rune preference: random
     0 | D:1      | 0 ||| qw: Goals: Normal
     0 | D:1      | 0 ||| PLANNING D:1-11
   109 | D:1      | Reached XP level 2. HP: 16/16 MP: 3/3
   129 | D:1      | Found a faded altar of an unknown god.
   190 | D:1      | Reached skill level 3 in Ranged Weapons
   190 | D:1      | 190 ||| FLEEEEING.
   191 | D:1      | 191 ||| FLEEEEING.
   404 | D:1      | Reached XP level 3. HP: 21/21 MP: 4/4
   752 | D:1      | 752 ||| UPGRADING to +0 ring mail.
   762 | D:1      | 762 ||| DROPPING +0 robe.
   763 | D:1      | 763 ||| UPGRADING to ring of resist corrosion.
   764 | D:1      | 764 ||| DROPPING +6 ring of intelligence.
   765 | D:1      | 765 ||| READING 2 scrolls labelled WOJIATIAHU.
   766 | D:1      | 766 ||| READING scroll labelled GUGANG LUHON.
   767 | D:1      | 767 ||| READING scroll labelled ZAEPARPH ADEIR.
   768 | D:1      | 768 ||| DROPPING scroll of poison.
   774 | D:2      | 774 ||| STAIRDANCE
   946 | D:2      | HP: 5/21 [kobold/+0 whip (4)]
   946 | D:2      | Frozen to death by an endoplasm

Levels and vault maps discovered:
D:1:      eino_arrival_tree_alley, layout_basic, basic_ecumenical_altar,
          dreamdust_wishing_well
D:2:      minmay_wonky_spiral, layout_basic, minmay_misc_feat_chi,
          minmay_fractal_squares_5, uniq_terence

Skill      XL: |  1  2 |
---------------+-------+-----
Ranged Weapons | 3 |  3.7
Fighting       | 2 |  2.0
Dodging        | |  1.5
Spellcasting   | |  1.0
Hexes          | |  2.6

Action                     || total
---------------------------++-------
   Fire: Sling             ||   132
    Use: Scroll            ||     3
 Armour: Robe              ||     8
         Ring mail         ||    21
  Dodge: Dodged            ||    51

Table legend:
 A = Non-vault XP
 B = Vault XP
 C = Vault XP percentage of total XP
 D = Non-vault monster count
 E = Vault monster count
 F = Vault count percentage of total count
                 A         B        C        D         E       F
            +---------+---------+-------+---------+---------+-------
      Total |      65 |      11 |  14.5 |      35 |       3 |   7.9
            +---------+---------+-------+---------+---------+-------
        D:1 |      48 |       0 |   0.0 |      26 |       0 |   0.0
        D:2 |      17 |      11 |  39.3 |       9 |       3 |  25.0
            +---------+---------+-------+---------+---------+-------
